Map: Ulrena

Players

zidar

  • Race: Zerg Zerg
  • League: Gold
  • Spawn Location: 7:00

SirArgos - Winner!

  • Race: Protoss Protoss
  • League: Silver
  • Spawn Location: 11:00

VOD

Have the link to the VOD?

Description

Time

  • Played on: May 20, 2016, 8:52 a.m.
  • Length: 2:28
Show
View Real Time Build Order
Export as new Build Order

zidar Zerg 

Build Orders: Pool First 

Get SALT Encoding   

  12  0:01  Drone  
  13  0:12  Overlord  
  13  0:17  Drone  
  14  0:30  Drone x2  
  14  0:34  Drone  
  17  0:48  Spawning Pool  
  17  0:49  Drone  
  17  0:53  Extractor  
  17  0:55  Drone  
  18  1:18  Hatchery  
  18  1:21  Drone  
  18  1:24  Drone  
Show
View Real Time Build Order
Export as new Build Order

SirArgos Protoss - Winner!

Build Orders: Cannon Rush 

Get SALT Encoding   

  12  0:02  Probe (Chrono Boost)  
  13  0:13  Probe (Chrono Boost)  
  14  0:22  Pylon  
  14  0:25  Probe (Chrono Boost)  
  15  0:40  Probe (Chrono Boost)  
  16  0:44  Forge  
  16  0:50  Probe (Chrono Boost)  
  16  0:56  Pylon  
  17  1:02  Probe (Chrono Boost)  
  18  1:13  Gateway  
  18  1:18  Probe (Chrono Boost)  
  19  1:27  Photon Cannon  
  19  1:39  Photon Cannon  
  19  1:47  Photon Cannon  
  19  1:53  Pylon  
  19  2:10  Photon Cannon  
  19  2:15  Photon Cannon  
Tags
 
Add a new tag
Caveats
  • Supply blocks, unpowered buildings, or Contaminate may cause inaccurate times.
  • Supply counts are checked every 10 seconds.